 Dungeon Sprint DCSS version 0.16.1-2-g95b8d4c (webtiles) character file.

1000000 miro the Convoker (level 13, -55/107 HPs)
             Began as a Mummy Summoner on Mar 25, 2015.
             Was a Follower of Makhleb.
             Annihilated by a meat berserker
             ... wielding a +9 battleaxe
              (56 damage)
             ... in the Dungeon (Sprint VIII: "Arena of Blood").
             The game lasted 00:00:46 (10 turns).

miro the Convoker (Mummy Summoner)                    Turns: 10, Time: 00:00:46

Health: -55/107    AC:  2    Str: 11    XL:     13   Next: 26%
Magic:  3/29       EV: 20    Int: 14    God:    Makhleb [*.....]
Gold:   0          SH:  0    Dex: 16    Spells: 1 memorised, 27 levels left

rFire  x . .     SeeInvis .     c - +∞ Axe of Woe
rCold  + . .     Clarity  .     a - +0 robe
rNeg   + + +     SustAb   .     (no shield)
rPois  ∞         Gourm    .     (no helmet)
rElec  .         Spirit   .     (no cloak)
rCorr  .         Warding  .     (no gloves)
rMut   .         NoTele   +     (no boots)
MR     +....                    (no amulet)
Stlth  +++.......               (no ring)
                                (no ring)

@: somewhat resistant to hostile enchantments, fairly stealthy
A: no food or potions, fire vulnerability, in touch with death, restore body,
cold resistance 1, negative energy resistance 3, poison resistance, torment
resistance, unbreathing
a: Self-Restoration, Renounce Religion


You were in the Dungeon.
You worshipped Makhleb.
Makhleb was aware of your devotion.
You were not hungry.

You visited 1 branch

Inventory:

Hand weapons
 c - the +∞ Axe of Woe (weapon)
   (You found it in the Dungeon)
Armour
 a - a +0 robe (worn)
Scrolls
 h - a scroll of blinking
Books
 b - a book of Callings

   Spells                             Type                      Level
   a - Summon Small Mammal            Summoning                    1
   b - Call Imp                       Summoning                    2
   c - Call Canine Familiar           Summoning                    3
   d - Summon Guardian Golem          Hexes/Summoning              4
   e - Summon Lightning Spire         Summoning/Air                4
   f - Summon Ice Beast               Ice/Summoning                4


   Skills:
 * Level 11.9 Fighting
 * Level 9.9 Axes
 * Level 9.9 Armour
 * Level 11.4 Dodging
 - Level 6.6 Stealth
 - Level 8.3 Spellcasting
 - Level 19.6 Summonings


You had 27 spell levels left.
You knew the following spells:

 Your Spells              Type           Power        Failure   Level  Hunger
a - Summon Small Mammal   Summ           ####         0%          1    N/A

Dungeon Overview and Level Annotations

Branches:
Dungeon (1/1)

Altars:
Makhleb


Innate Abilities, Weirdness & Mutations

You do not eat or drink.
Your flesh is vulnerable to fire.
You are in touch with the powers of death.
You can restore your body by infusing magical energy.
Your flesh is cold resistant.
You are immune to negative energy.
Your system is resistant to poisons.
You are immune to unholy pain and torment.
You can survive without breathing.


Message History

Your Axes skill gained 2 levels and is now at level 9!
Your Armour skill gained 2 levels and is now at level 9!
Your Dodging skill gained 2 levels and is now at level 11!
You have reached level 13!
You feel more in touch with the powers of death.
You can now infuse your body with magic to restore decomposition.
You hear a shout! x4
The meat berserker appears out of thin air!
A meat berserker comes into view. It is wielding a +9 battleaxe.
You hear a shout!
The meat berserker hits you with a +9 battleaxe!!!
You hear a shout! x2
The meat berserker hits you with a +9 battleaxe!!!
* * * LOW HITPOINT WARNING * * *
You hear a shout! x4
The meat berserker completely misses you.
You hear a shout! x4
The meat berserker hits you with a +9 battleaxe!!!
Ouch! That really hurt!
You die...

#... ...# ..###...
...###.
......###..O...
....._........
#.....# ..... .
#_.<._#......
.....#....o#......
#........_o.O.......
....o..###@O.......
..###....)OO###....
. #..O..o.#
#.......# ...o.....O
...........
......... .......##
...


You could see 6 meat berserkers and 4 bags of meat.

Vanquished Creatures
  3 orcs (D)
3 creatures vanquished.

Notes
Turn   | Place    | Note
--------------------------------------------------------------
     0 | D        | miro, the Mummy Summoner, began the quest for the Orb.
     0 | D        | Reached XP level 1. HP: 13/13 MP: 3/3
     4 | D        | Became a worshipper of Makhleb the Destroyer
     5 | D        | Noticed a bag of meat
     7 | D        | Noticed a bag of meat
     7 | D        | Noticed a bag of meat
     8 | D        | Noticed a bag of meat
     8 | D        | Noticed a bag of meat
     8 | D        | Noticed a meat berserker
     8 | D        | Noticed a bag of meat
     8 | D        | Noticed a meat berserker
     9 | D        | Noticed a meat berserker
     9 | D        | Noticed a meat berserker
     9 | D        | Killed a bag of meat
     9 | D        | Reached skill level 7 in Dodging
     9 | D        | Reached skill level 8 in Spellcasting
     9 | D        | Reached skill level 19 in Summonings
     9 | D        | Reached XP level 2. HP: 19/19 MP: 3/13
     9 | D        | Reached XP level 3. HP: 24/24 MP: 3/16
     9 | D        | Reached XP level 4. HP: 30/30 MP: 3/18
     9 | D        | Reached XP level 5. HP: 35/35 MP: 3/20
     9 | D        | Reached XP level 6. HP: 41/41 MP: 3/21
     9 | D        | Reached XP level 7. HP: 46/46 MP: 3/23
     9 | D        | Reached XP level 8. HP: 52/52 MP: 3/24
     9 | D        | Reached XP level 9. HP: 57/57 MP: 3/25
     9 | D        | Reached XP level 10. HP: 63/63 MP: 3/26
     9 | D        | Reached XP level 11. HP: 68/68 MP: 3/27
    10 | D        | Noticed a meat berserker
    10 | D        | Noticed a bag of meat
    10 | D        | Killed a bag of meat
    10 | D        | Acquired Makhleb's first power
    10 | D        | Reached XP level 12. HP: 45/95 MP: 3/28
    10 | D        | Killed a bag of meat
    10 | D        | Reached XP level 13. HP: 78/107 MP: 3/29
    10 | D        | HP: 1/107 [meat berserker/+9 battleaxe (38)]
    10 | D        | Annihilated by a meat berserker

Action                   |  1- 3 |  4- 6 |  7- 9 | 10-12 | 13-15 || total
-------------------------+-------+-------+-------+-------+-------++-------
Melee: Executioner's axe |     1 |       |       |     1 |       ||     2
